 Dungeon Crawl Stone Soup version 0.22.1 (webtiles) character file.

93 Korosensei the Sneak (level 4, -6/29 HPs)
             Began as an Octopode Assassin on Sept 18, 2018.
             Killed by divine providence
             ... invoked by an orc priest
              (13 damage)
             ... on level 3 of the Dungeon.
             The game lasted 00:02:43 (1232 turns).

Korosensei the Sneak (Octopode Assassin)            Turns: 1232, Time: 00:02:44

Health: -6/29      AC:  1    Str: 10    XL:     4   Next: 62%
Magic:  4/4        EV: 15    Int: 13    God:
Gold:   116        SH:  0    Dex: 14    Spells: 3/3 levels left

rFire    . . .     SeeInvis .   a - +2 dagger
rCold    . . .     Gourm    .   (no shield)
rNeg     . . .     Faith    .   (helmet restricted)
rPois    .         Spirit   .   l - amulet of the acrobat
rElec    .         Reflect  .   (no ring)
rCorr    .         Harm     .   (no ring)
MR       .....                  (no ring)
Stlth    ++++......             (no ring)
HPRegen  0.09/turn              (no ring)
MPRegen  0.09/turn              (no ring)
                                (no ring)
                                (no ring)

@: lethally poisoned (-6 -> -17), slowed, very slow
A: almost no armour, stealthy swim, amphibious, 8 rings, constrict 8, camouflage
1, gelatinous body 1
a: no special abilities


You were on level 3 of the Dungeon.
You were not hungry.

You visited 1 branch of the dungeon, and saw 3 of its levels.

You collected 116 gold pieces.

Inventory:

Hand Weapons
 a - a +2 dagger (weapon)
 b - a +0 blowgun
Missiles
 c - 8 poisoned needles
 d - 2 curare-tipped needles
Armour
 t - a +0 cloak
Jewellery
 i - an uncursed ring of flight {unknown}
 j - a +3 ring of strength {unknown}
 l - an amulet of the acrobat (around mantle)
 n - an uncursed ring of poison resistance {unknown}
 q - an uncursed ring of protection from cold {unknown}
 w - an uncursed amulet of the acrobat
Scrolls
 g - 3 scrolls of magic mapping {unknown}
 h - a scroll of identify {unknown}
 k - a scroll of noise {unknown}
 m - 2 scrolls of remove curse {unknown}
 v - a scroll of random uselessness {unknown}
Potions
 e - a potion of curing {unknown}
 o - a potion of heal wounds {unknown}
 p - a potion of ambrosia {unknown}
 r - a potion of flight {unknown}
 s - a potion of might {unknown}
 u - a potion of invisibility {unknown}
Comestibles
 f - 2 rations


   Skills:
 - Level 2.0 Fighting
 - Level 2.0 Short Blades
 - Level 2.0 Throwing
 + Level 4.3 Dodging
 - Level 5.3 Stealth


You had 3 spell levels left.
You didn't know any spells.
Your spell library contained the following spells:

 Spells                   Type           Power        Failure   Level  Hunger
 Animate Skeleton         Necr           N/A          30%         1    ##.....
 Apportation              Tloc           #.....       30%         1    ##.....
 Confusing Touch          Hex            #.....       30%         1    ##.....
 Summon Small Mammal      Summ           #...         30%         1    ##.....


Dungeon Overview and Level Annotations

Branches:
Dungeon (3/15)

Altars:
Ashenzari


Innate Abilities, Weirdness & Mutations

You cannot wear most types of armour.
You are very stealthy in the water. (Stealth+)
You are amphibious.
You can wear up to eight rings at the same time.
You can use your tentacles to constrict eight enemies at once.
Your skin changes colour to match your surroundings (Stealth+).
Your rubbery body absorbs attacks. (AC +1, EV +1)


Message History

You hit the adder. Your grab misses the adder.
The adder is heavily wounded.
The orc closely misses you. The adder misses you.
You hit the adder. Your grab misses the adder. You squeeze the adder.
You kill the adder!
The orc wizard points at you and mumbles some strange words.
You feel yourself slow down. The frilled lizard closely misses you.
The orc hits you with a dagger.
The orc priest invokes the aid of Beogh against you.
Beogh smites you!
You are too injured to fight recklessly!
The orc wizard misses you. The frilled lizard barely misses you.
The orc priest misses you.
The orc wizard hits you with a dagger of venom.
You are lethally poisoned!
* * * LOW HITPOINT WARNING * * *
You feel sick.
The orc priest mumbles some strange prayers to Beogh against you.
Beogh smites you!
You die...

#. ###....<...... #####..#
####...........
..........##..............
..........##..............
.....$....##..............
..............#.....#.....
.........#..#.##...##..)..
........o#....###..##.....
........o@.(.## #..# ####.
....>.))l##..###...#
.......o.........#^#
#.....(.........##
....#............#
..#...#..........#
..................g
.....#.>..........
...#.#............


You could see an orc priest, an orc wizard, an orc and a frilled lizard.

Vanquished Creatures
  3 adders
  2 worms (D:2)
  A dart slug (D:2)
  6 leopard geckos
  3 orcs
  A giant cockroach (D:2)
  7 goblins
  8 hobgoblins
  2 jackals (D:2)
  2 bats (D:2)
  2 frilled lizards
  5 kobolds
  8 rats
50 creatures vanquished.

Notes
Turn   | Place    | Note
-------+----------+-------------------------------------------
     0 | D:1      | Korosensei the Octopode Assassin began the quest for the
                  | Orb.
     0 | D:1      | Reached XP level 1. HP: 14/14 MP: 1/1
   171 | D:1      | Reached XP level 2. HP: 15/19 MP: 2/2
   182 | D:1      | Found a shattered altar of Ashenzari.
   392 | D:1      | You fall through a shaft!
   427 | D:2      | Reached XP level 3. HP: 24/24 MP: 3/3
   774 | D:2      | Reached XP level 4. HP: 25/29 MP: 4/4
  1232 | D:3      | Killed from afar by an orc priest

Skill      XL: |  1  2  3  4 |
---------------+-------------+-----
Dodging        | 2 3 4 |  4.3
Fighting       | |  2.0
Short Blades   | |  2.0
Throwing       | |  2.0
Stealth        | |  5.3

Action                   |  1- 3 |  4- 6 || total
-------------------------+-------+-------++-------
Melee: Dagger            |    69 |    21 ||    90
       Constrict         |    16 |     5 ||    21
       Tentacles         |    10 |     5 ||    15
 Stab: Sleeping          |    11 |     3 ||    14
       Distracted        |     1 |       ||     1
  Eat: Chunk             |       |     1 ||     1
Armor: Skin              |     3 |     2 ||     5
Dodge: Dodged            |    39 |    24 ||    63
